 Dungeon Crawl Stone Soup version 0.23-a0-143-g1adec7b (webtiles) character file.

175 Amnesiac the Chiller (level 5, -2/35 HPs)
             Began as a Mummy Ice Elementalist on Sept 4, 2018.
             Shot with an arrow by a centaur (15 damage)
             ... on level 6 of the Dungeon.
             The game lasted 00:03:10 (1964 turns).

Amnesiac the Chiller (Mummy Ice Elementalist)       Turns: 1964, Time: 00:03:11

Health: -2/35      AC:  2    Str: 11    XL:     5   Next: 29%
Magic:  10/10      EV: 11    Int: 16    God:
Gold:   126        SH:  3    Dex: 12    Spells: 3/11 levels left

rFire    x . .     SeeInvis .   k - +0 long sword
rCold    + . .     Gourm    .   l - +0 buckler
rNeg     + + +     Faith    .   a - +0 robe
rPois    ∞         Spirit   .   (no helmet)
rElec    .         Reflect  .   (no cloak)
rCorr    .         Harm     .   (no gloves)
MR       .....                  (no boots)
Stlth    +.........             (no amulet)
HPRegen  0.11/turn              j - ring of attention
MPRegen  0.12/turn              e - ring of positive energy

@: no status effects
A: no food or potions, fire vulnerability, cold resistance 1, negative energy
resistance 3, torment resistance, unbreathing
a: no special abilities


You were on level 6 of the Dungeon.
You were not hungry.

You visited 1 branch of the dungeon, and saw 5 of its levels.

You collected 126 gold pieces.

Inventory:

Hand Weapons
 k - a +0 long sword (weapon)
Armour
 a - a +0 robe (worn)
 l - a +0 buckler (worn)
Jewellery
 e - a ring of positive energy (right hand)
 j - a ring of attention (left hand)
Scrolls
 b - 2 scrolls of amnesia {!r}
 d - a scroll of noise {!r, unknown}
 g - a scroll of enchant weapon {!r}
 h - a scroll of teleportation {!r}
 i - a scroll of fog {!r}


   Skills:
 - Level 1.5 Dodging
 - Level 1.5 Stealth
 + Level 0.3 Shields
 + Level 3.5 Spellcasting
   Level 0.7 Conjurations
 + Level 4.7 Ice Magic


You had 3 spell levels left.
You knew the following spells:

 Your Spells              Type           Power        Failure   Level  Hunger
a - Freeze                Ice            ###.         4%          1    N/A
b - Ozocubu's Armour      Chrm/Ice       ##......     32%         3    N/A
c - Summon Ice Beast      Ice/Summ       ##......     73%         4    N/A

Your spell library contained the following spells:

 Spells                   Type           Power        Failure   Level  Hunger
 Throw Frost              Conj/Ice       ##....       14%         2    N/A
 Throw Icicle             Conj/Ice       ##......     67%         4    N/A

Dungeon Overview and Level Annotations

Branches:
Dungeon (4/15)
 Temple: D:4-7

Altars:
Makhleb


Innate Abilities, Weirdness & Mutations

You do not eat or drink.
Your flesh is vulnerable to fire.
You are immune to poison.
Your flesh is cold resistant. (rC+)
You are immune to negative energy. (rN+++)
You are immune to unholy pain and torment.
You can survive without breathing.


Message History

Confirm with . or Enter, or press ? or * to list all spells.
Aiming: Freeze (safe; 4% risk of failure)
Press: ? - help, Shift-Dir - straight line, f/p - worker ant
Aim: a worker ant (almost dead)
You freeze the worker ant.
You kill the worker ant!
Casting: Freeze (safe; 4% risk of failure)
Confirm with . or Enter, or press ? or * to list all spells.
You can't see any susceptible monsters within range! (Use Z to cast anyway.)
You start resting.
HP restored.
You start resting.
Magic restored.
You start resting.
Magic restored.
As you open the door, it creaks loudly!
You hear a shout!
A crimson imp comes into view.
A centaur and an electric eel come into view.
The centaur shouts!
The centaur wields a shortbow.
The centaur shoots an arrow.
The arrow hits you!
The crimson imp blinks!
There is an open door here.
You see here an arrow.
An ogre comes into view. It is wielding a giant club.
The ogre shouts!
You hear a loud, deep croak!
A bullfrog comes into view.
You see here a worker ant corpse.
The centaur shoots an arrow.
The arrow hits you.
* * * LOW HITPOINT WARNING * * *
You see here an arrow.
Really read
c - 3 scrolls labeled UHOLAATIOTE {!r}?
As you read the scroll labeled UHOLAATIOTE {!r}, it crumbles to dust.
It is a scroll of identify.
i - a scroll of fog {!r} Put on which piece of jewellery? (? for menu, Esc to quit)
Oops, that ring feels deathly cold.
j - a cursed ring of attention (left hand)
The crimson imp hits you.
* * * LOW HITPOINT WARNING * * *
Put on which piece of jewellery? (? for menu, Esc to quit)
e - a ring of positive energy (right hand) Really read
h - 2 scrolls labeled GEMIEJEOWUA {!r}?
As you read the scroll labeled GEMIEJEOWUA {!r}, it crumbles to dust.
You feel strangely unstable.
It was a scroll of teleportation {!r}.
The crimson imp barely misses you.
You riposte.
You hit the crimson imp.
The crimson imp is lightly wounded.
Really read
c - 2 scrolls of identify {!r}?
As you read the scroll of identify {!r}, it crumbles to dust.
b - 2 scrolls of amnesia {!r} The crimson imp summons a swarm of flies.
The crimson imp hits you.
* * * LOW HITPOINT WARNING * * *
Really read
c - a scroll of identify {!r}?
As you read the scroll of identify {!r}, it crumbles to dust.
g - a scroll of enchant weapon {!r} The crimson imp barely misses you.
You riposte.
You hit the crimson imp.
The crimson imp is moderately wounded.
Really read
f - a scroll labeled SIXAET PIBUTASK {!r}?
As you read the scroll labeled SIXAET PIBUTASK {!r}, it crumbles to dust.
You feel as if something is helping you.
It was a scroll of remove curse {!r}.
Your surroundings suddenly seem different.
The centaur shoots an arrow.
The arrow hits you!
You die...

.......
##..###.#.#. .#
.$......... .#
.........# .# #..#
#.# .# #$O# #5# .#
#..# ##F## .#
###..####Oc.####.#
#...O..(.......@.#
#.#†#####...######
#.###########
#.#.......
#c#.c≈≈≈≈≈
#.#.≈≈≈≈≈≈
#.(.c≈≈≈;≈
###.≈≈≈≈≈≈ .......


You could see an ogre and a centaur.

Vanquished Creatures
  A scorpion (D:4)
  An iguana (D:4)
  2 worker ants
  An adder (D:3)
  A worm (D:4)
  A dart slug (D:1)
  A leopard gecko (D:4)
  An orc (D:3)
  2 ball pythons
  6 goblins (D:1)
  5 hobgoblins
  2 jackals (D:1)
  2 quokkas
  5 bats
  4 frilled lizards
  2 kobolds (D:1)
  5 rats
42 creatures vanquished.

Notes
Turn   | Place    | Note
-------+----------+-------------------------------------------
     0 | D:1      | Amnesiac the Mummy Ice Elementalist began the quest for the
                  | Orb.
     0 | D:1      | Reached XP level 1. HP: 13/13 MP: 4/4
   221 | D:1      | Reached skill level 3 in Ice Magic
   221 | D:1      | Reached XP level 2. HP: 15/19 MP: 1/5
   899 | D:1      | Reached XP level 3. HP: 18/24 MP: 1/7
   972 | D:1      | Learned a level 3 spell: Ozocubu's Armour
  1107 | D:2      | You fall through a shaft!
  1240 | D:3      | Found a burning altar of Makhleb.
  1620 | D:4      | Noticed a scorpion
  1627 | D:4      | Killed a scorpion
  1627 | D:4      | Reached skill level 4 in Ice Magic
  1627 | D:4      | Reached XP level 4. HP: 19/30 MP: 2/8
  1683 | D:4      | Learned a level 4 spell: Summon Ice Beast
  1832 | D:4      | Reached XP level 5. HP: 21/35 MP: 3/10
  1885 | D:4      | You fall through a shaft for 2 floors!
  1941 | D:6      | Noticed a centaur
  1947 | D:6      | Noticed an ogre
  1964 | D:6      | Shot with an arrow by a centaur

Vault maps used:
D:1:      ncdulo_halloftheorcs, minmay_misc_feat_ornament
D:2:      kennysheep_big_flooded_room,
          chequers_temple_overflow_statue_of_worship, first_ration,
          nicolae_gozag_seed_capital
D:3:      nicolae_overflow_crystal_walls
D:4:      grunt_temple_overflow_open, minmay_temple_entry_poolview,
          st_stairs_14, uniq_natasha
D:6:      nrook_pool_corridor, cheibrodos_ashenzari_chains

Skill      XL: |  1  2  3  4 |
---------------+-------------+-----
Ice Magic      | 3 4 |  4.7
Spellcasting   | 3 |  3.5
Dodging        | |  1.5
Stealth        | |  1.5
Shields        | |  0.3
Conjurations   | |  0.7

Action                   |  1- 3 |  4- 6 || total
-------------------------+-------+-------++-------
Melee: Unarmed           |    25 |       ||    25
       Long sword        |     3 |       ||     3
 Cast: Freeze            |    56 |    18 ||    74
  Use: Scroll            |       |     5 ||     5
Armor: Robe              |    11 |     2 ||    13
Dodge: Dodged            |    49 |    10 ||    59
       Rpst.: Long sword |     1 |     4 ||     5

Table legend:
 A = Non-vault XP
 B = Vault XP
 C = Vault XP percentage of total XP
 D = Non-vault monster count
 E = Vault monster count
 F = Vault count percentage of total count
                 A         B        C        D         E       F
            +---------+---------+-------+---------+---------+-------
      Total |     251 |       0 |   0.0 |      42 |       0 |   0.0
            +---------+---------+-------+---------+---------+-------
        D:1 |      44 |       0 |   0.0 |      27 |       0 |   0.0
        D:3 |      25 |       0 |   0.0 |       7 |       0 |   0.0
        D:4 |     148 |       0 |   0.0 |       7 |       0 |   0.0
        D:6 |      34 |       0 |   0.0 |       1 |       0 |   0.0
            +---------+---------+-------+---------+---------+-------
